[ AOE2 MATCH · #495995052 ]
UnrankedItalians vs Celts
Player's team · LOSS
Rival team · WIN
[ REPLAY ANALYSIS · EXTRACTED FROM THE RECORDED GAME ]
Feudal
10:33
Castle
21:53
Imperial
36:24
| APM avg | 47.7 |
| APM peak | 91 |
| eAPM avg | 22.7 |
| Villagers / military | 166 / 222 |
Focus
⚔️ 49.6% · 🌾 50.4%
Archer ×101 · Scout Cavalry ×53 · Knight ×26 · Bombard Cannon ×15 · Skirmisher ×10 · Monk ×5
Feudal
9:45
Castle
20:17
Imperial
36:12
| APM avg | 56.3 |
| APM peak | 97 |
| eAPM avg | 36.8 |
| Villagers / military | 210 / 287 |
Focus
⚔️ 51.4% · 🌾 48.6%
Woad Raider ×211 · Scorpion ×23 · Spearman ×17 · Battering Ram ×17 · Monk ×8 · Skirmisher ×7
Match map
Initial resources + every placement click. Lines = walls · curves = elevation contours. ◆ gold · ⬟ stone · ● berries · ✦ relic · ◌ wall gap
Your base· ✓ Closed at 21:53 · 32t walls · 1 gate(s)
Knicks in 5's base· Open — 2t gap
Smoothed initial terrain · ◌ = detected wall gap · hover for details
Inputs per minute
— ShatatsuKaragaraShigaraminoTsuji - - Knicks in 5
Build order — ShatatsuKaragaraShigaraminoTsuji
First 150 of 583 actions detected
| 0:00 | Queue | Villager (Male) |
| 0:00 | Queue | Villager (Male) |
| 0:00 | Queue | Villager (Male) |
| 0:00 | Queue | Villager (Male) |
| 0:00 | Queue | Villager (Male) |
| 0:00 | Queue | Villager (Male) |
| 0:00 | Queue | Villager (Male) |
| 0:00 | Queue | Villager (Male) |
| 0:00 | Queue | Villager (Male) |
| 0:00 | Queue | Villager (Male) |
| 0:00 | Queue | Villager (Male) |
| 0:00 | Queue | Villager (Male) |
| 0:00 | Queue | Villager (Male) |
| 0:01 | Queue | Villager (Male) |
| 0:02 | Build | House |
| 0:03 | Build | House |
| 1:28 | Queue | Villager (Male) |
| 1:28 | Queue | Villager (Male) |
| 1:28 | Queue | Villager (Male) |
| 2:10 | Queue | Villager (Male) |
| 2:11 | Queue | Villager (Male) |
| 2:30 | Queue | Villager (Male) |
| 2:48 | Build | Barracks |
| 2:59 | Queue | Villager (Male) |
| 3:12 | Build | House |
| 3:20 | Queue | Villager (Male) |
| 3:42 | Queue | Villager (Male) |
| 3:56 | Queue | Militia |
| 4:02 | Build | House |
| 4:07 | Build | Palisade Wall |
| 4:13 | Queue | Villager (Male) |
| 4:18 | Queue | Militia |
| 4:34 | Queue | Villager (Male) |
| 4:44 | Build | House |
| 4:48 | Queue | Militia |
| 5:00 | Queue | Villager (Male) |
| 5:19 | Queue | Villager (Male) |
| 5:45 | Queue | Villager (Male) |
| 5:45 | Queue | Villager (Male) |
| 6:03 | Queue | Villager (Male) |
| 6:03 | Queue | Villager (Male) |
| 6:43 | Queue | Villager (Male) |
| 7:04 | Research | Loom |
| 7:07 | Queue | Villager (Male) |
| 7:07 | Research | Loom |
| 7:59 | Build | Lumber Camp |
| 8:23 | Research | Feudal Age |
| 9:26 | Build | Mill |
| 9:50 | Build | Mining Camp |
| 10:33 | Age | Feudal Age |
| 10:35 | Queue | Villager (Male) |
| 10:48 | Queue | Villager (Male) |
| 10:52 | Build | Archery Range |
| 10:59 | Research | Man-at-Arms (upgrade) |
| 10:59 | Research | Man-at-Arms (upgrade) |
| 11:09 | Queue | Villager (Male) |
| 11:30 | Queue | Villager (Male) |
| 11:40 | Build | House |
| 11:44 | Queue | Skirmisher |
| 11:47 | Research | Double-Bit Axe |
| 11:47 | Research | Double-Bit Axe |
| 11:50 | Queue | Villager (Male) |
| 11:52 | Build | Farm |
| 12:03 | Queue | Skirmisher |
| 12:10 | Queue | Villager (Male) |
| 12:14 | Build | House |
| 12:16 | Build | Palisade Wall |
| 12:21 | Queue | Skirmisher |
| 12:23 | Queue | Spearman |
| 12:27 | Queue | Villager (Male) |
| 12:44 | Queue | Villager (Male) |
| 12:47 | Build | Farm |
| 12:57 | Queue | Skirmisher |
| 13:06 | Build | Palisade Wall |
| 13:15 | Queue | Villager (Male) |
| 13:16 | Build | Farm |
| 13:19 | Build | Farm |
| 13:29 | Build | Palisade Wall |
| 13:31 | Build | Palisade Wall |
| 13:34 | Queue | Skirmisher |
| 13:40 | Build | House |
| 13:41 | Queue | Villager (Male) |
| 13:53 | Build | House |
| 14:04 | Build | Farm |
| 14:16 | Queue | Skirmisher |
| 14:18 | Queue | Villager (Male) |
| 14:31 | Build | Farm |
| 14:42 | Queue | Villager (Male) |
| 14:46 | Build | Palisade Wall |
| 14:49 | Build | Farm |
| 15:07 | Queue | Villager (Male) |
| 15:35 | Queue | Villager (Male) |
| 15:37 | Build | Blacksmith |
| 15:51 | Queue | Skirmisher |
| 16:16 | Queue | Villager (Male) |
| 16:18 | Build | Farm |
| 16:20 | Build | Farm |
| 16:20 | Build | Farm |
| 16:20 | Build | Farm |
| 16:21 | Build | Farm |
| 16:25 | Research | Fletching |
| 16:27 | Queue | Skirmisher |
| 16:36 | Build | Palisade Wall |
| 16:39 | Build | Palisade Gate |
| 16:44 | Build | Farm |
| 16:50 | Queue | Villager (Male) |
| 17:05 | Build | Farm |
| 17:12 | Queue | Villager (Male) |
| 17:15 | Build | House |
| 17:35 | Queue | Villager (Male) |
| 17:56 | Build | Farm |
| 17:58 | Build | Farm |
| 18:04 | Queue | Villager (Male) |
| 18:17 | Build | Farm |
| 18:22 | Build | Farm |
| 18:25 | Queue | Villager (Male) |
| 19:01 | Build | Lumber Camp |
| 19:13 | Research | Castle Age |
| 19:33 | Queue | Skirmisher |
| 19:39 | Build | Stable |
| 19:58 | Queue | Skirmisher |
| 20:08 | Research | Gold Mining |
| 20:08 | Research | Gold Mining |
| 20:33 | Build | Market |
| 21:12 | Build | Stable |
| 21:13 | Research | Bloodlines |
| 21:33 | Build | Lumber Camp |
| 21:48 | Queue | Spearman |
| 21:49 | Queue | Spearman |
| 21:53 | Age | Castle Age |
| 21:55 | Queue | Knight |
| 21:55 | Queue | Knight |
| 21:56 | Queue | Villager (Male) |
| 21:58 | Research | Scale Barding Armor |
| 22:01 | Research | Scale Barding Armor |
| 22:09 | Build | Farm |
| 22:16 | Research | Horse Collar |
| 22:17 | Queue | Villager (Male) |
| 22:23 | Queue | Knight |
| 22:23 | Queue | Knight |
| 22:32 | Build | Farm |
| 22:44 | Queue | Villager (Male) |
| 22:46 | Queue | Knight |
| 22:47 | Queue | Knight |
| 23:00 | Queue | Knight |
| 23:04 | Build | Town Center |
| 23:12 | Queue | Villager (Male) |
| 23:16 | Build | Farm |
| 23:20 | Build | Farm |
| 23:26 | Queue | Knight |
Build order — Knicks in 5
First 150 of 637 actions detected
| 0:02 | Queue | Villager (Male) ×4 |
| 0:02 | Queue | Villager (Male) ×4 |
| 0:03 | Build | House |
| 0:04 | Build | House |
| 1:31 | Queue | Villager (Male) |
| 1:32 | Queue | Villager (Male) |
| 1:59 | Build | Lumber Camp |
| 2:06 | Queue | Villager (Male) |
| 2:07 | Queue | Villager (Male) |
| 2:24 | Queue | Villager (Male) |
| 2:24 | Queue | Villager (Male) |
| 2:49 | Queue | Villager (Male) |
| 2:49 | Queue | Villager (Male) |
| 3:10 | Queue | Villager (Male) |
| 3:10 | Queue | Villager (Male) |
| 3:36 | Build | House |
| 3:42 | Queue | Villager (Male) |
| 4:00 | Build | House |
| 4:02 | Build | Palisade Wall |
| 4:08 | Queue | Villager (Male) |
| 4:08 | Queue | Villager (Male) |
| 4:24 | Build | Mill |
| 4:28 | Queue | Villager (Male) |
| 4:28 | Queue | Villager (Male) |
| 4:29 | Queue | Villager (Male) |
| 5:21 | Queue | Villager (Male) |
| 5:44 | Queue | Villager (Male) |
| 5:51 | Research | Loom |
| 5:54 | Queue | Villager (Male) |
| 5:54 | Research | Loom |
| 6:09 | Build | Palisade Wall |
| 6:10 | Build | Palisade Wall |
| 6:10 | Build | Palisade Wall |
| 6:12 | Build | Palisade Wall |
| 6:14 | Build | Palisade Wall |
| 6:58 | Build | Palisade Wall |
| 7:00 | Build | Palisade Wall |
| 7:10 | Queue | Villager (Male) |
| 7:15 | Build | Palisade Wall |
| 7:16 | Build | Palisade Wall |
| 7:18 | Build | Palisade Wall |
| 7:31 | Research | Feudal Age |
| 7:31 | Research | Feudal Age |
| 7:57 | Build | Lumber Camp |
| 8:15 | Build | Palisade Wall |
| 8:19 | Build | Palisade Wall |
| 8:19 | Build | Palisade Wall |
| 8:37 | Build | Barracks |
| 8:45 | Queue | Villager (Male) |
| 8:53 | Build | Palisade Wall |
| 9:16 | Build | Palisade Wall |
| 9:31 | Build | Palisade Wall |
| 9:33 | Build | Palisade Wall |
| 9:34 | Queue | Villager (Male) |
| 9:45 | Age | Feudal Age |
| 9:51 | Build | Archery Range |
| 9:52 | Queue | Spearman |
| 10:01 | Queue | Villager (Male) |
| 10:03 | Build | House |
| 10:06 | Research | Double-Bit Axe |
| 10:08 | Research | Double-Bit Axe |
| 10:08 | Research | Double-Bit Axe |
| 10:32 | Build | Farm |
| 10:46 | Queue | Skirmisher |
| 10:57 | Build | Palisade Wall |
| 11:09 | Queue | Villager (Male) |
| 11:25 | Build | House |
| 11:34 | Queue | Villager (Male) |
| 11:35 | Queue | Villager (Male) |
| 11:37 | Build | Farm |
| 11:41 | Build | Farm |
| 11:44 | Build | Farm |
| 11:46 | Build | Palisade Wall |
| 11:48 | Build | Palisade Wall |
| 11:55 | Queue | Skirmisher |
| 11:58 | Build | Farm |
| 12:04 | Build | House |
| 12:05 | Build | Palisade Wall |
| 12:19 | Build | Farm |
| 12:28 | Queue | Villager (Male) |
| 12:28 | Queue | Villager (Male) |
| 12:37 | Build | Farm |
| 12:40 | Build | Mining Camp |
| 12:44 | Queue | Skirmisher |
| 12:45 | Queue | Villager (Male) |
| 12:47 | Build | Farm |
| 12:58 | Queue | Villager (Male) |
| 13:07 | Build | Farm |
| 13:12 | Build | House |
| 13:17 | Queue | Skirmisher |
| 13:18 | Queue | Villager (Male) |
| 13:37 | Queue | Villager (Male) |
| 13:41 | Build | Farm |
| 13:43 | Build | Farm |
| 13:59 | Queue | Villager (Male) |
| 14:02 | Build | Farm |
| 14:14 | Build | Palisade Wall |
| 14:25 | Queue | Skirmisher |
| 14:26 | Queue | Villager (Male) |
| 14:27 | Build | House |
| 14:42 | Queue | Villager (Male) |
| 14:46 | Build | Farm |
| 14:47 | Build | Farm |
| 15:16 | Build | Farm |
| 15:17 | Queue | Villager (Male) |
| 15:23 | Queue | Villager (Male) |
| 15:27 | Build | Blacksmith |
| 15:46 | Queue | Skirmisher |
| 15:46 | Queue | Skirmisher |
| 16:20 | Build | House |
| 16:34 | Queue | Villager (Male) |
| 16:55 | Build | House |
| 16:56 | Queue | Villager (Male) |
| 17:32 | Build | Stable |
| 17:37 | Research | Castle Age |
| 18:00 | Research | Horse Collar |
| 18:00 | Research | Horse Collar |
| 18:04 | Build | House |
| 18:18 | Queue | Villager (Male) |
| 18:22 | Build | Farm |
| 18:24 | Build | Farm |
| 18:32 | Build | House |
| 18:52 | Research | Scale Barding Armor |
| 18:52 | Research | Scale Barding Armor |
| 19:01 | Build | House |
| 20:02 | Build | House |
| 20:17 | Age | Castle Age |
| 20:30 | Build | Town Center |
| 20:31 | Queue | Knight |
| 20:32 | Queue | Knight |
| 20:44 | Build | Town Center |
| 20:46 | Queue | Villager (Male) |
| 20:47 | Queue | Villager (Male) |
| 20:59 | Research | Chain Barding Armor |
| 20:59 | Research | Chain Barding Armor |
| 21:00 | Queue | Knight |
| 21:17 | Queue | Villager (Male) |
| 21:19 | Research | Bow Saw |
| 21:19 | Research | Bow Saw |
| 21:22 | Build | House |
| 21:29 | Research | Wheelbarrow |
| 21:29 | Research | Wheelbarrow |
| 21:55 | Queue | Villager (Male) |
| 21:56 | Build | House |
| 22:02 | Queue | Knight |
| 22:23 | Queue | Villager (Male) |
| 22:23 | Queue | Villager (Male) |
| 22:23 | Queue | Villager (Male) |
| 22:23 | Queue | Villager (Male) |
| 22:28 | Build | Farm |
Match timeline
| 2:48 | ShatatsuKaragaraShigaraminoTsuji · first_building Barracks |
| 4:02 | Knicks in 5 · wall_segment Palisade Wall x1 |
| 4:07 | ShatatsuKaragaraShigaraminoTsuji · wall_segment Palisade Wall x4 |
| 6:09 | Knicks in 5 · wall_segment Palisade Wall x1 |
| 6:10 | Knicks in 5 · wall_segment Palisade Wall x1 |
| 6:10 | Knicks in 5 · wall_segment Palisade Wall x1 |
| 6:12 | Knicks in 5 · wall_segment Palisade Wall x4 |
| 6:14 | Knicks in 5 · wall_segment Palisade Wall x8 |
| 6:58 | Knicks in 5 · wall_segment Palisade Wall x1 |
| 7:00 | Knicks in 5 · wall_segment Palisade Wall x1 |
| 7:15 | Knicks in 5 · wall_segment Palisade Wall x1 |
| 7:16 | Knicks in 5 · wall_segment Palisade Wall x1 |
| 7:18 | Knicks in 5 · wall_segment Palisade Wall x4 |
| 8:15 | Knicks in 5 · wall_segment Palisade Wall x1 |
| 8:19 | Knicks in 5 · wall_segment Palisade Wall x1 |
| 8:19 | Knicks in 5 · wall_segment Palisade Wall x3 |
| 8:37 | Knicks in 5 · first_building Barracks |
| 8:53 | Knicks in 5 · wall_segment Palisade Wall x5 |
| 9:16 | Knicks in 5 · wall_segment Palisade Wall x5 |
| 9:31 | Knicks in 5 · wall_segment Palisade Wall x1 |
| 9:33 | Knicks in 5 · wall_segment Palisade Wall x6 |
| 9:45 | Knicks in 5 · age_up feudal |
| 9:51 | Knicks in 5 · first_building Archery Range |
| 10:33 | ShatatsuKaragaraShigaraminoTsuji · age_up feudal |
| 10:52 | ShatatsuKaragaraShigaraminoTsuji · first_building Archery Range |
| 10:57 | Knicks in 5 · wall_segment Palisade Wall x3 |
| 11:46 | Knicks in 5 · wall_segment Palisade Wall x1 |
| 11:48 | Knicks in 5 · wall_segment Palisade Wall x1 |
| 12:05 | Knicks in 5 · wall_segment Palisade Wall x3 |
| 12:16 | ShatatsuKaragaraShigaraminoTsuji · wall_segment Palisade Wall x4 |
| 13:06 | ShatatsuKaragaraShigaraminoTsuji · wall_segment Palisade Wall x5 |
| 13:29 | ShatatsuKaragaraShigaraminoTsuji · wall_segment Palisade Wall x8 |
| 13:31 | ShatatsuKaragaraShigaraminoTsuji · wall_segment Palisade Wall x6 |
| 14:14 | Knicks in 5 · wall_segment Palisade Wall x7 |
| 14:46 | ShatatsuKaragaraShigaraminoTsuji · wall_segment Palisade Wall x4 |
| 16:36 | ShatatsuKaragaraShigaraminoTsuji · wall_segment Palisade Wall x1 |
| 17:32 | Knicks in 5 · first_building Stable |
| 19:39 | ShatatsuKaragaraShigaraminoTsuji · first_building Stable |
| 20:17 | Knicks in 5 · age_up castle |
| 21:30 | ShatatsuKaragaraShigaraminoTsuji · first_market_buy 100 food |
| 21:53 | ShatatsuKaragaraShigaraminoTsuji · age_up castle |
| 23:08 | Knicks in 5 · first_building Monastery |
| 25:42 | ShatatsuKaragaraShigaraminoTsuji · first_building Monastery |
| 26:07 | Knicks in 5 · wall_segment Stone Wall x1 |
| 26:13 | Knicks in 5 · wall_segment Stone Wall x1 |
| 26:14 | Knicks in 5 · wall_segment Stone Wall x1 |
| 29:00 | Knicks in 5 · first_building Castle |
| 32:26 | Knicks in 5 · wall_segment Stone Wall x1 |
| 32:57 | Knicks in 5 · first_market_sell 100 wood |
| 33:13 | ShatatsuKaragaraShigaraminoTsuji · first_market_sell 100 wood |
| 36:12 | Knicks in 5 · age_up imperial |
| 36:21 | Knicks in 5 · first_building Siege Workshop |
| 36:24 | ShatatsuKaragaraShigaraminoTsuji · age_up imperial |
| 38:56 | ShatatsuKaragaraShigaraminoTsuji · first_building Siege Workshop |
| 39:23 | ShatatsuKaragaraShigaraminoTsuji · first_building Castle |
| 41:48 | Knicks in 5 · first_market_buy 100 wood |
| 42:15 | ShatatsuKaragaraShigaraminoTsuji · wall_segment Stone Wall x13 |
| 45:29 | ShatatsuKaragaraShigaraminoTsuji · wall_segment Stone Wall x7 |
| 51:09 | ShatatsuKaragaraShigaraminoTsuji · resign |
[ AI ANALYSIS · 1 CREDIT ]
What really happened in this match?
Wolo.gg analyzes every decision: build order, eco, micro, common mistakes by bracket. Personalized analysis on WhatsApp or Discord in 30 seconds.
Civ guide
Italians
Perfil
Jugador #20417324